 Dungeon Crawl Stone Soup version 0.31-a0-1338-gb567cfdca4 (webtiles) character file.

Game seed: 17558615316267428780

116 jfcaron the Ruffian (level 5, -2/38 HPs)
             Began as a Gnoll Shapeshifter on Dec 22, 2023.
             Slain by a lemure (8 damage)
             ... led by Pikel
             ... on level 4 of the Dungeon.
             The game lasted 00:04:23 (2501 turns).

jfcaron the Ruffian (Gnoll Shapeshifter)            Turns: 2501, Time: 00:04:23

Health: -2/38      AC:  2    Str: 16    XL:     5   Next: 1%
Magic:  7/7        EV: 18    Int:  9    God:
Gold:   207        SH:  5    Dex: 17    Spells: 6/6 levels left

rFire   . .          .
                       - Unarmed
rCold   . . .        (shield currently unavailable)
rNeg    . . .        a - melded +0 animal skin
rPois   .            i - +0 helmet
rElec   .            (no cloak)
rCorr   .            l - +0 pair of gloves
SInv    .            (no boots)
Will    .....        e - amulet of reflection
Stlth   +            r - +6 ring of dexterity
HPRegen 0.26/turn    (no ring)
MPRegen 0.10/turn

%: reflection
@: flux-form, hasted, glowing, very quick
A: glow, contaminating, reduced hp, fangs 1, strong nose, distributed training
a: Begin Untransformation


You were on level 4 of the Dungeon.
You were something dangerously unstable.
You visited 2 branches of the dungeon, and saw 5 of its levels.

You collected 207 gold pieces.

Inventory:

Hand Weapons
 p - a +2 dagger of venom
   (You found it on level 3 of the Dungeon)
 t - a +0 dagger of electrocution
   (You took it off a goblin on level 3 of the Dungeon)
Missiles
 g - 10 stones
 q - 6 boomerangs
Armour
 a - a +0 animal skin (melded)
 i - a +0 helmet (worn)
 l - a +0 pair of gloves (worn)
Jewellery
 e - an amulet of reflection (around neck)
   (You found it on level 1 of the Dungeon)
 r - a +6 ring of dexterity (left hand)
   (You found it on level 3 of the Dungeon)
Talismans
 c - a beast talisman
 d - a flux talisman (active)
Scrolls
 f - 4 scrolls of identify
 h - a scroll of fear
 j - a scroll of poison {unknown}
 k - 2 scrolls of teleportation {unknown}
 o - a scroll of enchant weapon {unknown}
 s - a scroll of revelation {unknown}
Potions
 b - a potion of lignification


   Skills:
 + Level 2.9 Fighting
 + Level 1.3 Short Blades
 + Level 1.3 Long Blades
 + Level 1.3 Axes
 + Level 1.3 Maces & Flails
 + Level 1.3 Polearms
 + Level 1.3 Staves
 + Level 1.3 Ranged Weapons
 + Level 1.3 Throwing
 + Level 1.3 Armour
 + Level 4.7 Dodging
 + Level 1.3 Stealth
 + Level 1.3 Shields
 + Level 6.6 Unarmed Combat
 + Level 1.3 Spellcasting
 + Level 1.1 Conjurations
 + Level 1.1 Hexes
 + Level 1.1 Summonings
 + Level 1.1 Necromancy
 + Level 1.1 Translocations
 + Level 1.1 Fire Magic
 + Level 1.1 Ice Magic
 + Level 1.1 Air Magic
 + Level 1.1 Earth Magic
 + Level 1.1 Alchemy
 + Level 1.5 Invocations
 + Level 1.3 Evocations
 + Level 6.6 Shapeshifting


You had 6 spell levels left.
You didn't know any spells.
Your spell library was empty.

Dungeon Overview and Level Annotations

Branches:
Dungeon (4/15)             Temple (1/1) D:4

Altars:
Ashenzari
Dithmenos
Elyvilon
Gozag
Hepliaklqana
Okawaru
Qazlal
Ru
Sif Muna
Vehumet
Wu Jian
Yredelemnul
Zin

Annotations:
D:2 come back with flying
Temple Pikel


Innate Abilities, Weirdness & Mutations

You are something dangerously unstable.
You glow with magical radiation, making you easy to see and hit.
Foes you strike become dangerously contaminated with magical radiation.
Your maximum health is decreased, since you lack skill for your form.
You are incapable of wielding weapons or throwing items.
You have very sharp teeth.
Your uncanny sense of smell can sniff out nearby items.
Your experience applies equally to all skills.


Message History

The roots erupt in riotous growth!
The lemure is unaffected. x2
The orc is unaffected.
The grasping roots grab you! The grasping roots constrict you.
You hear a bark! x3; You hear a shout!
You escape the roots grasp.
The orc attacks as it pursues you! The orc hits you with a +0 hand axe.
You block the lemure's attack.
There is a staircase to the Ecumenical Temple, spattered with blood here.
Unknown command.
The lemure completely misses you. The lemure closely misses you.
You block the orc's attack.
Pikel hits you with a +2 whip of flaming!
Pikel burns you.
* * * LOW HITPOINT WARNING * * *
You climb downwards.
Welcome to the Ecumenical Temple!
Found four altars.
Found a staircase back to the Dungeon.
There is a staircase back to the Dungeon here.
It was a potion of curing.
You feel better. The orc completely misses you. The lemure hits you!
* * * LOW HITPOINT WARNING * * *
It was a potion of haste.
You feel yourself speed up. The orc completely misses you. The lemure hits you.
* * * LOW HITPOINT WARNING * * *
You feel better. You block the orc's attack. The lemure hits you.
* * * LOW HITPOINT WARNING * * *
As you read the scroll labelled IBEWAST IDUFEJ, it crumbles to dust.
It is a scroll of identify.
h - 2 scrolls of fear
As you read the scroll of fear, it crumbles to dust.
You assume a fearsome visage.
The orc looks frightened!
The lemure looks frightened! x2; Pikel looks frightened!
You climb upwards.
Welcome back to the Dungeon!
You block the howler monkey's attack. The lemure closely misses you.
There is a staircase to the Ecumenical Temple, spattered with blood here.
You punch the lemure!
The lemure begins to glow.
You bite the lemure, but do no damage.
The lemure is moderately wounded.
The howler monkey hoots and howls with incredible vigour!
The lemure hits you!
You die...

.... ......
.....##...# #... .
.....#....# #...#.##
..........# #......#
#∆#[...# #..#.#.##
#.#<.[.###...B...####
#...†..#...#.⌠.#.....
#........#.......#...
#......#...⌠.p.⌠...#
#.#+##...#..h.5..#...
#.#........#.⌠.#.....
#.#######............
#. +...#.#......
#............
#...h#.#.....
#.##...#.... ... ....
.##


You could see a lemure (contam), a howler monkey (catching breath), a jackal and
a giant cockroach.

Vanquished Creatures
  A lemure (D:3)
  2 adders (D:2)
  A gnoll (D:1)
  A bombardier beetle (D:3)
  A worm (D:2)
  A dart slug (D:1)
  8 orcs
  4 ball pythons (D:1)
  4 bats
  4 endoplasms
  10 goblins
  7 hobgoblins
  3 jackals (D:1)
  6 kobolds
  3 quokkas
  2 frilled lizards
  8 rats
66 creatures vanquished.

Notes
Turn   | Place    | Note
-------+----------+-------------------------------------------
     0 | D:1      | jfcaron the Gnoll Shapeshifter began the quest for the Orb.
     0 | D:1      | Reached XP level 1. HP: 17/17 MP: 1/1
    49 | D:1      | Reached XP level 2. HP: 16/23 MP: 2/2
   381 | D:1      | Reached XP level 3. HP: 26/28 MP: 2/4
   461 | D:1      | Reached skill level 1 in Invocations
   870 | D:2      | Reached skill level 1 in Short Blades
   870 | D:2      | Reached skill level 1 in Long Blades
   870 | D:2      | Reached skill level 1 in Axes
   870 | D:2      | Reached skill level 1 in Maces & Flails
   870 | D:2      | Reached skill level 1 in Polearms
   870 | D:2      | Reached skill level 1 in Staves
   870 | D:2      | Reached skill level 1 in Ranged Weapons
   870 | D:2      | Reached skill level 1 in Throwing
   870 | D:2      | Reached skill level 1 in Armour
   870 | D:2      | Reached skill level 1 in Stealth
   870 | D:2      | Reached skill level 1 in Shields
   870 | D:2      | Reached skill level 1 in Spellcasting
   870 | D:2      | Reached skill level 1 in Evocations
   971 | D:2      | Reached XP level 4. HP: 31/34 MP: 5/5
   988 | D:2      | Found a faded altar of an unknown god.
  1772 | D:3      | Reached skill level 1 in Conjurations
  1772 | D:3      | Reached skill level 1 in Hexes
  1772 | D:3      | Reached skill level 1 in Summonings
  1772 | D:3      | Reached skill level 1 in Necromancy
  1772 | D:3      | Reached skill level 1 in Translocations
  1772 | D:3      | Reached skill level 1 in Fire Magic
  1772 | D:3      | Reached skill level 1 in Ice Magic
  1772 | D:3      | Reached skill level 1 in Air Magic
  1772 | D:3      | Reached skill level 1 in Earth Magic
  1772 | D:3      | Reached skill level 1 in Alchemy
  2040 | D:3      | Found a white marble altar of Elyvilon.
  2413 | D:4      | Noticed a lemure
  2429 | D:3      | Killed a lemure
  2453 | D:3      | Reached XP level 5. HP: 38/40 MP: 5/7
  2481 | D:4      | Noticed a lemure
  2482 | D:4      | Found a staircase to the Ecumenical Temple.
  2482 | D:4      | Noticed a lemure
  2484 | D:4      | Noticed a lemure
  2485 | D:4      | Noticed Pikel
  2492 | D:4      | HP: 7/38 [Pikel/+2 whip of flaming (6)]
  2493 | Temple   | Entered the Ecumenical Temple
  2495 | Temple   | HP: 3/38 [lemure[Pikel] (6)]
  2501 | D:4      | Slain by a lemure

Illustrated notes

Levels and vault maps discovered:
D:1:      amcnicky_arrival_wind_blow, layout_loops_cross,
          chequers_serial_rivers_micro_a, minivault_23
D:2:      layout_loops_ring, shapermc_ecumenical_altar_mp_urbaneastern,
          hangedman_decor_points, kennysheep_nondescript
D:3:      layout_loops_ring, elyvilon_altar_1
D:4:      layout_basic, minmay_temple_entry_sparse_star, pf_guarded_unrand_meek,
          uniq_pikel
Temple:   hellmonk_temple_two_chambers

Skill      XL: |  1  2  3  4 |
---------------+-------------+-----
Invocations    | 1 |  1.5
Short Blades   | 1 |  1.3
Long Blades    | 1 |  1.3
Axes           | 1 |  1.3
Maces & Flails | 1 |  1.3
Polearms       | 1 |  1.3
Staves         | 1 |  1.3
Ranged Weapons | 1 |  1.3
Throwing       | 1 |  1.3
Armour         | 1 |  1.3
Stealth        | 1 |  1.3
Shields        | 1 |  1.3
Spellcasting   | 1 |  1.3
Evocations     | 1 |  1.3
Conjurations   | 1 |  1.1
Hexes          | 1 |  1.1
Summonings     | 1 |  1.1
Necromancy     | 1 |  1.1
Translocations | 1 |  1.1
Fire Magic     | 1 |  1.1
Ice Magic      | 1 |  1.1
Air Magic      | 1 |  1.1
Earth Magic    | 1 |  1.1
Alchemy        | 1 |  1.1
Fighting       | |  2.9
Dodging        | |  4.7
Unarmed Combat | |  6.6
Shapeshifting  | |  6.6

Action                     |  1- 3 |  4- 6 || total
---------------------------+-------+-------++-------
  Melee: Unarmed           |    77 |    88 ||   165
         Bite              |    12 |    12 ||    24
    Use: Potion            |       |     3 ||     3
         Scroll            |       |     2 ||     2
   Stab: Sleeping          |       |     1 ||     1
 Armour: Skin              |    18 |    23 ||    41
  Dodge: Dodged            |    46 |    49 ||    95
  Block: Other             |    17 |    16 ||    33
   Form: Flux              |     1 |       ||     1

Table legend: (Time is in decaauts)
 A = Elapsed time spent in this place.
 B = Non-inter-level travel time spent in this place.
 C = Inter-level travel time spent in this place.
 D = Time resting spent in this place.
 E = Time spent auto-exploring this place.
 F = Levels seen in this place.
 G = Mean time per level.
                   A        B        C        D        E       F      G
               +--------+--------+--------+--------+--------+-----+--------+
         Total |   2480 |   2438 |     42 |    246 |   1795 |   5 |  496.0 |
       Dungeon |   2475 |   2433 |     42 |    246 |   1795 |   4 |  618.8 |
        Temple |      5 |      5 |      0 |      0 |      0 |   1 |    5.0 |
               +--------+--------+--------+--------+--------+-----+--------+

Top non-repeatable levels by time:
     D:3: 853 daAuts
     D:1: 810 daAuts
     D:2: 771 daAuts
     D:4: 39 daAuts
  Temple: 5 daAuts

Table legend: (Time is in decaauts)
 A = Elapsed time spent in this place.
 B = Non-inter-level travel time spent in this place.
 C = Inter-level travel time spent in this place.
 D = Time resting spent in this place.
 E = Time spent auto-exploring this place.
 F = Levels seen in this place.
 G = Mean time per level.
                   A        B        C        D        E       F      G
               +--------+--------+--------+--------+--------+-----+--------+
         Total |   2480 |   2438 |     42 |    246 |   1795 |   5 |  496.0 |
       Dungeon |   2475 |   2433 |     42 |    246 |   1795 |   4 |  618.8 |
        Temple |      5 |      5 |      0 |      0 |      0 |   1 |    5.0 |
               +--------+--------+--------+--------+--------+-----+--------+

Top non-repeatable levels by time:
     D:3: 853 daAuts
     D:1: 810 daAuts
     D:2: 771 daAuts
     D:4: 39 daAuts
  Temple: 5 daAuts

Table legend:
 A = Kills in this place as a percentage of kills in the entire game.
 B = Kills by you in this place as a percentage of kills by you in the entire game.
 C = Kills by friends in this place as a percentage of kills by friends in the entire game.
 D = Other kills in this place as a percentage of other kills in the entire game.
 E = Experience gained in this place as a percentage of experience gained in the entire game.
 F = Experience gained in this place divided by the number of levels of this place that you have seen.
                   A       B       C       D       E      F
               +-------+-------+-------+-------+-------+----------------------
         Total | 100.0 | 100.0 |   N/A |   N/A | 100.0 |  33.4
       Dungeon | 100.0 | 100.0 |   N/A |   N/A | 100.0 |  41.8
               +-------+-------+-------+-------+-------+----------------------

Levels and vault maps discovered:
D:1:      amcnicky_arrival_wind_blow, layout_loops_cross,
          chequers_serial_rivers_micro_a, minivault_23
D:2:      layout_loops_ring, shapermc_ecumenical_altar_mp_urbaneastern,
          hangedman_decor_points, kennysheep_nondescript
D:3:      layout_loops_ring, elyvilon_altar_1
D:4:      layout_basic, minmay_temple_entry_sparse_star, pf_guarded_unrand_meek,
          uniq_pikel
Temple:   hellmonk_temple_two_chambers
